Map: Berlingrad LE

Players

couchman

  • Race: Terran Terran

CBagRun - Winner!

  • Race: Zerg Zerg

VOD

Have the link to the VOD?

Description

Time

  • Played on: Dec. 13, 2021, 4:35 a.m.
  • Length: 31:10
Show
View Real Time Build Order
Export as new Build Order

couchman Terran 

Build Orders:  

Get SALT Encoding   

  12  0:00  SCV  
  13  0:13  SCV  
  14  0:21  Supply Depot  
  14  0:25  SCV  
  15  0:42  SCV  
  16  0:49  Refinery  
  16  0:54  SCV  
  17  1:06  SCV  
  18  1:14  Barracks  
  18  1:19  SCV  
  18  1:23  Refinery  
  19  1:31  SCV  
  20  1:40  Command Center  
  20  1:43  SCV  
  21  1:55  SCV  
  21  2:01  Barracks Tech Lab  
  22  2:02  Supply Depot  
  22  2:11  SCV  
  23  2:22  Combat Shield  
  23  2:24  Marine, Engineering Bay, SCV  
  25  2:40  SCV  
  26  2:46  Marine  
  27  2:52  SCV  
  27  2:56  Factory  
  28  3:01  Terran Infantry Weapons Level 1  
  28  3:04  Marine, SCV  
  30  3:07  SCV  
  31  3:16  SCV  
  31  3:19  SCV  
  33  3:21  Marine  
  34  3:39  Marine  
  35  3:45  Starport  
  35  3:47  Stimpack  
  35  3:51  Supply Depot  
  35  3:57  Marine  
  35  4:01  Orbital Command  
  36  4:04  SCV  
  37  4:16  SCV  
  38  4:26  Supply Depot  
  38  4:28  SCV  
  39  4:32  Barracks  
  39  4:34  SCV  
  40  4:40  SCV  
  41  4:46  SCV  
  41  4:50  Supply Depot  
  42  4:58  Marine, SCV  
  44  5:02  Starport Tech Lab  
  44  5:10  SCV  
  44  5:12  Supply Depot  
  45  5:15  Marine  
  45  5:20  Armory  
  45  5:21  Barracks Reactor  
  46  5:22  SCV  
  48  5:31  Orbital Command  
  48  5:33  Marine  
  48  5:34  SCV  
  49  5:51  Marine, Supply Depot  
  50  6:09  Marine  
  51  6:14  Supply Depot  
  49  6:27  Marine  
  50  6:36  Supply Depot  
  50  6:37  Viking  
  52  6:41  Marine x2  
  52  6:44  Marine  
  52  6:45  Terran Ship Weapons Level 1, Terran Infantry Weapons Level 2  
  55  6:52  Barracks  
  55  6:59  Marine x2, Supply Depot  
  57  7:02  Marine  
  57  7:07  Viking  
  60  7:11  Command Center  
  60  7:17  Marine x2  
  60  7:20  Marine  
  63  7:26  Factory Reactor  
  63  7:34  Marine  
  63  7:35  Marine  
  65  7:37  Viking  
  65  7:38  Marine  
  68  7:46  Supply Depot  
  68  7:52  Marine x2  
  68  7:56  Marine  
  71  8:01  Bunker  
  71  8:06  Refinery  
  71  8:07  Viking  
  71  8:10  Marine x2, Supply Depot  
  75  8:13  Marine  
  75  8:17  Missile Turret  
  75  8:19  Bunker  
  76  8:28  Marine x2  
  76  8:31  Marine  
  76  8:32  Bunker  
  76  8:33  Supply Depot  
  79  8:37  Viking  
  79  8:39  Terran Vehicle And Ship Armor Level 1  
  81  8:49  Marine, Supply Depot  
  82  8:55  Supply Depot  
  82  9:00  SCV  
  82  9:01  SCV  
  82  9:02  Terran Infantry Armor Level 1  
  84  9:06  Missile Turret  
  84  9:12  Marine x3, SCV  
  84  9:13  Supply Depot, SCV  
  84  9:16  Barracks Reactor  
  89  9:21  Supply Depot  
  89  9:24  SCV  
  89  9:25  SCV  
  89  9:26  Refinery  
  89  9:30  Marine x3  
  93  9:35  Supply Depot  
  93  9:36  SCV  
  93  9:37  SCV  
  92  9:47  Marine  
  92  9:48  Marine x2  
  95  9:54  Viking  
  95  9:57  Marine x2  
  95  9:58  Supply Depot  
  99  10:05  Marine x2  
  99  10:06  Marine  
  102  10:14  Marine, Barracks  
  102  10:15  Marine  
  102  10:21  Supply Depot  
  104  10:23  Marine x3  
  104  10:24  Viking  
  109  10:32  Marine x2  
  109  10:33  SCV, Terran Ship Weapons Level 2  
  112  10:38  Refinery  
  112  10:40  Refinery  
  112  10:41  Marine x3  
  115  10:44  Supply Depot  
  115  10:45  SCV  
  116  10:50  Marine x2  
  116  10:56  Neosteel Armor  
  118  10:57  SCV  
  118  10:59  Marine x3  
  118  11:00  Marine  
  118  11:02  Engineering Bay  
  123  11:06  Supply Depot  
  123  11:08  Marine x2  
  123  11:09  SCV  
  126  11:16  Marine, Viking  
  126  11:17  Marine x2  
  126  11:18  Marine  
  132  11:26  Marine x2  
  134  11:34  Marine x2  
  134  11:35  Marine  
  134  11:36  Marine  
  138  11:43  Marine  
  138  11:44  Marine  
  138  11:46  Medivac  
  142  11:52  Marine x3  
  142  11:53  Marine  
  146  12:10  Marine  
  146  12:11  Marine  
  120  12:16  Medivac  
  91  12:29  Marine x4  
  90  12:30  Marine x2  
  95  12:40  Terran Infantry Weapons Level 3  
  95  12:43  Hi-Sec Auto Tracking  
  95  12:46  Viking  
  95  12:47  Marine x6  
  95  12:48  Terran Vehicle And Ship Armor Level 2  
  103  12:52  Missile Turret  
  103  12:57  Bunker  
  103  13:04  Planetary Fortress  
  103  13:05  Marine x6  
  109  13:15  Viking  
  111  13:22  Marine  
  111  13:23  Marine x5  
  117  13:27  Bunker  
  117  13:38  Command Center  
  117  13:41  Marine x2  
  117  13:43  Bunker  
  117  13:44  Bunker  
  119  14:10  Viking  
  119  14:13  Missile Turret  
  119  14:14  Barracks Reactor  
  119  14:15  Marine  
  119  14:16  Marine x4, Missile Turret  
  126  14:25  Widow Mine x2  
  130  14:33  Marine  
  130  14:34  Marine x4  
  130  14:35  Missile Turret  
  135  14:40  Viking  
  137  14:46  Widow Mine  
  137  14:47  Widow Mine  
  137  14:51  Marine  
  137  14:52  Marine x4  
  146  15:01  SCV  
  146  15:04  Terran Ship Weapons Level 3  
  147  15:08  Widow Mine x2  
  147  15:09  Marine x5  
  147  15:10  Viking  
  147  15:11  Missile Turret  
  147  15:13  SCV  
  159  15:16  Terran Infantry Armor Level 2  
  159  15:25  SCV  
  159  15:27  Marine  
  161  15:29  Widow Mine x2  
  161  15:32  Missile Turret  
  165  15:37  SCV  
  165  15:40  Viking  
  168  15:49  SCV  
  169  15:50  Marine  
  169  15:51  Marine x6  
  177  15:57  SCV  
  177  16:08  Marine  
  177  16:09  Marine x6  
  177  16:10  Viking  
  181  16:26  Marine x6  
  181  16:27  Marine  
  186  16:39  Viking  
  175  16:44  Marine x7  
  184  17:02  Marine  
  185  17:09  Viking  
  187  17:17  Widow Mine  
  187  17:18  Widow Mine  
  191  17:39  Viking, Missile Turret, Widow Mine x2  
  197  17:54  Marauder  
  97  18:45  Marine  
  97  18:46  Marine x4  
  102  19:03  Marine  
  102  19:04  Marine x4  
  107  19:21  Marine, Terran Vehicle And Ship Armor Level 3  
  107  19:22  Marine x4  
  107  19:23  Terran Infantry Armor Level 3  
  112  19:26  Fusion Core  
  112  19:39  Marine x5  
  117  19:57  Marine  
  95  22:28  Marine x5  
  95  22:29  Marine x2  
  100  22:34  Widow Mine  
  100  22:35  Widow Mine  
  96  22:46  Marine x6  
  96  22:47  Marine  
  96  22:48  Battlecruiser  
  109  22:56  Widow Mine x2  
  113  22:59  Starport  
  113  23:03  Marine  
  113  23:04  Marine x5  
  113  23:05  Marine  
  120  23:07  Factory  
  120  23:09  Factory  
  120  23:17  Widow Mine x2  
  120  23:19  Command Center  
  124  23:21  Marine x2, Command Center  
  124  23:22  Marine x5  
  131  23:39  Widow Mine x2  
  131  23:40  Marine  
  136  23:41  Marine x2  
  136  23:42  Marine x4  
  142  23:52  Battlecruiser  
  148  23:58  Marine  
  148  23:59  Marine x3  
  148  24:00  Marine x3  
  155  24:16  Marine  
  155  24:17  Marine x3  
  156  24:18  Marine x3  
  162  24:34  Marine x2  
  162  24:35  Marine x2  
  162  24:36  Marine x2  
  174  25:09  Raven  
  170  27:06  Marine  
  170  27:07  Marine x4  
  175  27:24  Marine  
  175  27:25  Marine x4  
  142  27:42  Marine x2  
  142  27:43  Marine x3  
  105  28:00  Marine x5  
  105  28:02  Marine  
  105  28:03  Marine  
  86  28:18  Marine x5  
  91  28:20  Marine  
  91  28:21  Marine  
  93  28:33  Supply Depot  
  93  28:35  Marine  
  93  28:36  Marine x4  
  93  28:38  Marine  
  93  28:39  Marine  
  93  28:41  Refinery  
  100  28:43  Refinery  
  100  28:53  Marine  
  100  28:54  Marine x4  
  105  28:56  Marine x2  
  105  28:57  Supply Depot  
  107  29:11  Marine  
  107  29:12  Marine x4  
  107  29:14  Marine x2, Terran Vehicle Weapons Level 1  
  114  29:19  Supply Depot  
  114  29:28  Widow Mine x2  
  114  29:29  Marine x5  
  123  29:32  Marine x2  
  125  29:42  Supply Depot  
  125  29:47  Marine x5  
Show
View Real Time Build Order
Export as new Build Order

CBagRun Zerg - Winner!

Build Orders: Pool First 

Get SALT Encoding   

  12  0:01  Drone  
  13  0:10  Drone  
  14  0:20  Overlord  
  14  0:37  Spawning Pool  
  14  0:39  Drone  
  14  0:42  Drone  
  15  0:46  Drone  
  16  0:52  Drone  
  17  1:02  Drone  
  18  1:15  Extractor  
  17  1:20  Drone  
  17  1:24  Queen  
  20  1:26  Overlord  
  20  1:47  Drone x2  
  22  1:54  Extractor  
  22  1:57  Drone  
  22  2:06  Queen  
  24  2:23  Hatchery  
  23  2:35  Drone  
  23  2:36  Drone x4  
  28  2:40  Overlord  
  28  3:00  Roach Warren  
  27  3:09  Evolution Chamber  
  27  3:11  Lair  
  26  3:23  Drone  
  26  3:24  Drone x2  
  29  3:34  Drone  
  29  3:38  Zerg Ground Armor Level 1  
  30  3:49  Drone x2  
  32  4:03  Drone  
  33  4:17  Roach  
  33  4:18  Roach x3  
  33  4:19  Extractor  
  33  4:20  Roach  
  33  4:21  Roach  
  33  4:23  Overlord x2, Extractor  
  43  4:36  Drone  
  44  4:55  Roach  
  44  4:56  Roach x3  
  44  4:59  Drone x5  
  57  5:23  Infestation Pit  
  56  5:33  Drone, Zerg Melee Weapons Level 1, Overlord x2  
  56  5:34  Overlord  
  57  5:47  Roach  
  57  5:49  Zergling x2  
  58  6:34  Drone x4  
  58  6:35  Drone x4  
  66  6:55  Zergling x2  
  66  6:56  Zergling x4  
  66  6:58  Zergling x14  
  76  7:04  Glial Reconstitution  
  76  7:18  Zergling x2  
  76  7:19  Zergling x4  
  76  7:21  Zergling x2  
  76  7:22  Zergling x4  
  82  7:27  Zerg Missile Weapons Level 1  
  82  7:50  Hatchery  
  82  7:51  Queen  
  81  7:56  Zergling x2  
  81  7:58  Overlord x2  
  84  8:00  Hatchery  
  84  8:01  Overlord x2  
  84  8:02  Overlord  
  83  8:15  Zergling x2  
  83  8:16  Zergling x4  
  86  8:28  Zergling x2  
  86  8:29  Zergling x12  
  86  8:31  Zergling x2  
  86  8:32  Zergling x6  
  97  8:34  Metabolic Boost  
  97  9:21  Zerg Ground Armor Level 2  
  97  9:32  Spore Crawler  
  96  9:40  Spire  
  94  9:53  Zergling x2  
  94  9:54  Zergling x4  
  97  10:14  Drone  
  97  10:15  Drone x4  
  97  10:18  Drone x2  
  104  10:52  Corruptor  
  104  10:53  Corruptor x7  
  120  10:59  Zerg Flyer Armor Level 1  
  120  11:18  Overlord x2  
  120  11:23  Zergling x2  
  120  11:24  Zergling x2  
  122  11:33  Zergling x16  
  122  11:36  Zerg Melee Weapons Level 2, Overlord x3  
  122  11:37  Overlord x2  
  130  11:41  Hive  
  91  12:33  Drone  
  91  12:34  Drone x7  
  99  12:40  Extractor  
  99  12:42  Extractor  
  97  12:54  Ultralisk Cavern  
  97  12:57  Zergling x10  
  101  12:59  Corruptor x4  
  101  13:02  Roach  
  101  13:03  Roach x6  
  123  13:07  Drone x2  
  123  13:08  Drone  
  126  13:24  Overlord  
  126  13:52  Zerg Missile Weapons Level 2  
  117  14:19  Pneumatized Carapace  
  117  14:40  Hydralisk Den  
  117  14:41  Mutalisk x4  
  117  14:42  Mutalisk x4  
  132  14:46  Mutalisk  
  132  14:47  Ultralisk  
  132  14:48  Ultralisk x6  
  132  14:49  Ultralisk  
  132  14:52  Overlord x2  
  182  14:53  Overlord x2  
  182  14:59  Drone x2  
  184  15:19  Corruptor x3  
  184  15:20  Hatchery  
  189  15:21  Corruptor  
  189  15:22  Corruptor x4  
  173  16:57  Mutalisk  
  173  16:58  Mutalisk x5  
  185  17:01  Mutalisk x2  
  185  17:02  Mutalisk x2  
  185  17:05  Zergling x10  
  198  17:09  Drone x2  
  198  17:14  Extractor  
  199  17:33  Extractor  
  198  18:00  Muscular Augments  
  198  18:02  Zerg Missile Weapons Level 3  
  146  19:05  Queen  
  148  19:11  Grooved Spines, Chitinous Plating  
  148  19:21  Hydralisk  
  148  19:22  Hydralisk x5  
  160  19:47  Hydralisk x9  
  160  19:50  Hydralisk x4  
  160  19:51  Hydralisk x5  
  196  20:27  Hydralisk x2  
  200  20:30  Anabolic Synthesis  
  200  20:39  Zerg Ground Armor Level 3  
  184  21:33  Ultralisk  
  184  21:34  Ultralisk  
  196  21:41  Queen  
  172  23:08  Zerg Flyer Armor Level 2  
  172  23:16  Zerg Melee Weapons Level 3  
  172  23:22  Overseer  
  172  23:26  Overseer  
  172  23:27  Overseer  
  172  23:33  Zergling x2  
  172  23:34  Zergling x36  
  182  23:37  Zergling x2  
  182  23:38  Zergling x14  
  199  24:15  Hatchery  
  196  24:20  Zergling x6  
  196  24:21  Zergling x2  
  181  25:25  Zerg Flyer Weapons Level 1  
  181  25:50  Ultralisk, Hatchery  
  181  25:51  Ultralisk x2  
  198  26:49  Extractor  
  198  26:53  Extractor  
  103  28:25  Ultralisk x4  
  103  28:26  Ultralisk x11  
  199  28:27  Ultralisk  
  199  29:03  Greater Spire  
Tags
 
Matchup
TvZ
Opening
Pool First
Replay Pack
re
Add a new tag
Caveats
  • Supply blocks, unpowered buildings, or Contaminate may cause inaccurate times.
  • Supply counts are checked every 10 seconds.